 Dungeon Crawl Stone Soup version 0.21.0-3-g78d12a8 (webtiles) character file.

271 Suckerboh the Fighter (level 6, -1/72 HPs)
             Began as an Ogre Wanderer on Jan 15, 2018.
             Slain by a jelly (2 damage)
             ... on level 4 of the Dungeon.
             The game lasted 00:04:44 (3632 turns).

Suckerboh the Fighter (Ogre Wanderer)               Turns: 3632, Time: 00:04:45

Health: -1/72      AC: -4    Str: 15    XL:     6   Next: 23%
Magic:  7/7        EV: 10    Int: 16    God:
Gold:   146        SH:  0    Dex:  9    Spells: 7/7 levels left

rFire    . . .     SeeInvis .   a - +2 dagger
rCold    . . .     Gourm    .   (no shield)
rNeg     . . .     Faith    .   c - +0 robe
rPois    .         Spirit   .   i - +1 hat
rElec    .         Reflect  .   (no cloak)
rCorr    .         Harm     .   (gloves unavailable)
MR       .....                  (boots unavailable)
Stlth    ++........             m - amulet of magic regeneration
HPRegen  0.22/turn              (no ring)
MPRegen  0.35/turn              t - ring of stealth

@: corroded
A: large, unfitting armour, tough skin 1
a: no special abilities


You were on level 4 of the Dungeon.
You were very hungry.

You visited 1 branch of the dungeon, and saw 4 of its levels.

You collected 146 gold pieces.

Inventory:

Hand Weapons
 a - a +2 dagger (weapon)
 d - a +0 spear
Armour
 c - a +0 robe (worn)
 i - a +1 hat (worn)
Jewellery
 m - an amulet of magic regeneration (around neck)
 o - an uncursed amulet of the gourmand {unknown}
 q - an uncursed amulet of rage {unknown}
 s - an uncursed ring of fire
 t - a ring of stealth (right hand)
 y - an uncursed ring of protection from cold {unknown}
Scrolls
 g - 4 scrolls of teleportation {unknown}
 h - a scroll of remove curse {unknown}
 k - a scroll of amnesia {unknown}
 p - a scroll of immolation {unknown}
 v - 2 scrolls of identify {unknown}
 w - a scroll of fog {unknown}
 x - a scroll of blinking {unknown}
Potions
 b - a potion of berserk rage
 e - 2 potions of degeneration
 j - a potion of invisibility
 l - a potion of cancellation
 n - a potion of curing
 r - a potion of heal wounds
Comestibles
 f - 6 rations


   Skills:
 + Level 8.0 Fighting
 + Level 2.3 Dodging
 - Level 1.0 Stealth
 - Level 1.2 Spellcasting
   Level 1.0 Hexes
   Level 2.6 Transmutations
   Level 1.0 Evocations


You had 7 spell levels left.
You didn't know any spells.

Dungeon Overview and Level Annotations

Branches:
Dungeon (4/15)
 Temple: D:4-7

Altars:
Dithmenos
Elyvilon
Gozag
Sif Muna


Innate Abilities, Weirdness & Mutations

You are too large for most types of armour.
You have tough skin. (AC +1)


Message History

The jelly hits you. The acid corrodes you!
You are splashed with acid!
The acid burns!
* * * LOW HITPOINT WARNING * * *
You hit the jelly.
Your hands burn!
* * * LOW HITPOINT WARNING * * *
The jelly is almost dead.
The jelly hits you.
* * * LOW HITPOINT WARNING * * *
You are splashed with acid!
The acid burns!
* * * LOW HITPOINT WARNING * * *
There is a stone staircase leading down here.
You hit the jelly but do no damage.
Your hands burn!
* * * LOW HITPOINT WARNING * * *
The jelly is almost dead.
The jelly completely misses you.
You hit the jelly but do no damage.
Your hands burn!
* * * LOW HITPOINT WARNING * * *
The jelly is almost dead.
The jelly hits you.
You die...

## ##..## #
##..## # ##..##
# ##..## ###.##
#..## ##..##
#######..##
#...>J@...#
#...............
#
#...........####
###
#............#
..##
#...........$#
...#
#.............#
..##
#..............#
..#
###....>.......#
..#


You could see a jelly.

Vanquished Creatures
  An ogre (D:4)
  A scorpion (D:4)
  An orc wizard (D:4)
  A worker ant (D:3)
  4 adders
  2 dart slugs (D:2)
  A leopard gecko (D:1)
  7 orcs
  A ball python (D:3)
  A giant cockroach (D:2)
  3 hobgoblins
  6 jackals
  A kobold (D:3)
  A quokka (D:3)
  6 bats
  3 frilled lizards
  A goblin (D:2)
  A quokka skeleton (D:4)
  4 rats
46 creatures vanquished.

Notes
Turn   | Place    | Note
-------+----------+-------------------------------------------
     0 | D:1      | Suckerboh the Ogre Wanderer began the quest for the Orb.
     0 | D:1      | Suckerboh set off with: a +2 dagger, a potion of berserk rage, a +0 robe, a +0 spear, a ration
     0 | D:1      | Reached XP level 1. HP: 24/24 MP: 2/2
   824 | D:2      | Reached XP level 2. HP: 33/33 MP: 3/3
   917 | D:2      | Found an opulent altar of Gozag.
  1024 | D:2      | Found a deep blue altar of Sif Muna.
  1049 | D:2      | Reached skill level 5 in Fighting
  1160 | D:2      | Reached XP level 3. HP: 29/42 MP: 4/4
  1738 | D:3      | Found a shadowy altar of Dithmenos.
  1749 | D:3      | Reached skill level 6 in Fighting
  1818 | D:3      | Reached XP level 4. HP: 44/52 MP: 5/5
  1892 | D:3      | Found a white marble altar of Elyvilon.
  2027 | D:3      | Found a faded altar of an unknown god.
  2484 | D:4      | Noticed an ogre
  2510 | D:3      | HP: 1/53 [worker ant (2)]
  2516 | D:3      | Reached skill level 1 in Dodging
  2727 | D:4      | Reached skill level 7 in Fighting
  2727 | D:4      | Reached XP level 5. HP: 13/62 MP: 6/6
  3010 | D:4      | HP: 1/62 [ogre/giant spiked club (21)]
  3020 | D:4      | Killed an ogre
  3020 | D:4      | Reached XP level 6. HP: 3/72 MP: 7/7
  3415 | D:4      | Reached skill level 8 in Fighting
  3632 | D:4      | HP: 1/72 [acid (4)]
  3632 | D:4      | Slain by a jelly

Skill      XL: |  1  2  3  4  5  6 |
---------------+-------------------+-----
Fighting       | 5 6 7 8 |  8.0
Dodging        | 1 2 |  2.3
Stealth        | |  1.0
Spellcasting   | |  1.2
Hexes          | |  1.0
Transmutations | |  2.6
Evocations     | |  1.0

Action                   |  1- 3 |  4- 6 || total
-------------------------+-------+-------++-------
Melee: Dagger            |    92 |   144 ||   236
  Use: Potion            |       |     6 ||     6
 Stab: Sleeping          |       |     5 ||     5
  Eat: Chunk             |     3 |     1 ||     4
       Ration            |       |     1 ||     1
Armor: Robe              |    44 |    25 ||    69
Dodge: Dodged            |    55 |    55 ||   110
